 Dungeon Crawl Stone Soup version 0.30-a0-748-ge6a52f7cba (webtiles) character file.

Game seed: 13979551131917148108

11944 croobank the Nimble (level 11, -11/87 HPs)
             Began as a Gnoll Wanderer on Feb 8, 2023.
             Was an Initiate of Gozag.
             Mangled by a komodo dragon (29 damage)
             ... on level 1 of the Lair of Beasts.
             The game lasted 00:58:58 (16661 turns).

croobank the Nimble (Gnoll Wanderer)               Turns: 16661, Time: 00:58:58

Health: -11/87     AC:  8    Str: 13    XL:     11   Next: 85%
Magic:  22/22      EV: 14    Int: 18    God:    Gozag
Gold:   1971       SH:  0    Dex: 14    Spells: 15/25 levels left

rFire   x . .      SeeInvis .    x - +3 war axe
rCold   x . .      Faith    .    (no shield)
rNeg    . . .      Spirit   .    u - +1 ring mail of Shielding {rPois rF- rC- Regen+}
rPois   +          Reflect  .    (helmet currently unavailable)
rElec   .          Harm     .    p - +0 cloak
rCorr   .          Rampage  .    (no gloves)
Will    .....                    (boots currently unavailable)
Stlth   +++                      (no amulet)
HPRegen 1.14/turn                k - +6 ring of strength
MPRegen 0.18/turn                (no ring)

@: about to teleport, appendages, wereblooded, gold aura, studying 2 skills
A: horns 2, talons 2, fangs 1, strong nose, distributed training
a: End Transformation, Renounce Religion, Potion Petition, Call Merchant, Bribe
Branch


You were on level 1 of the Lair of Beasts.
You worshipped Gozag.
Gozag was most pleased with you.
You had temporarily grown beastly horns and talons.
You visited 2 branches of the dungeon, and saw 11 of its levels.
You also visited: Ossuary.

You collected 3719 gold pieces.
You paid 1748 gold pieces to Gozag.

Inventory:

Hand Weapons
 g - a +0 dagger of flaming
 n - a +0 scimitar
 x - a +3 war axe (weapon)
 E - a +3 long sword of freezing
 G - a +2 quarterstaff of chaos
 O - a +2 antimagic war axe
Missiles
 b - 11 poisoned darts (quivered)
 r - 5 boomerangs
 P - a curare-tipped dart
 R - 2 javelins
Armour
 a - a +0 helmet (melded)
 d - a +1 robe
 p - a +0 cloak (worn)
 u - the +1 ring mail of Shielding (worn) {rPois rF- rC- Regen+}
   (You found it on level 5 of the Dungeon)

   rF:        It makes you vulnerable to fire.
   rC:        It makes you vulnerable to cold.
   rPois:     It protects you from poison.
   Regen:     It increases your rate of health regeneration.
Magical Staves
 q - a staff of cold
Jewellery
 k - a +6 ring of strength (left hand)
 B - a ring of wizardry
 Q - a ring of poison resistance
Wands
 v - a wand of acid (6)
 z - a wand of mindburst (17)
 F - a wand of roots (15)
 N - a wand of charming (8)
Scrolls
 c - 2 scrolls of silence
 j - 5 scrolls of teleportation
 m - 3 scrolls of amnesia
 o - 5 scrolls of fear
 s - 3 scrolls of butterflies
 y - 2 scrolls of enchant armour
 D - 2 scrolls of identify
 H - a scroll of fog
 K - a scroll of enchant weapon
 M - 2 scrolls of poison
Potions
 e - a potion of ambrosia
 f - 3 potions of haste
 h - 4 potions of brilliance
 i - a potion of magic
 l - 3 potions of lignification
 t - a potion of cancellation
 w - 3 potions of flight
 A - 5 potions of curing
 C - a potion of invisibility
 I - a potion of resistance
 J - 4 potions of might
 L - 2 potions of mutation


   Skills:
 + Level 8.4 Fighting
 + Level 6.9 Short Blades
 + Level 6.9 Long Blades
 + Level 7.4 Axes
 + Level 6.9 Maces & Flails
 + Level 6.9 Polearms
 + Level 6.9 Staves
 + Level 6.9 Ranged Weapons
 + Level 7.4 Throwing
 + Level 6.9 Armour
 + Level 9.6 Dodging
 + Level 6.9 Stealth
 + Level 6.9 Shields
 + Level 6.9 Unarmed Combat
 + Level 7.5 Spellcasting
 + Level 5.7 Conjurations
 + Level 5.7 Hexes
 + Level 5.7 Summonings
 + Level 5.7 Necromancy
 + Level 5.7 Translocations
 + Level 8.0 Transmutations
 + Level 7.0 Fire Magic
 + Level 5.7 Ice Magic
 + Level 5.7 Air Magic
 + Level 5.7 Earth Magic
 + Level 5.7 Poison Magic
 + Level 7.6 Invocations
 + Level 6.9 Evocations


You had 15 spell levels left.
You knew the following spells:

 Your Spells              Type           Power      Damage    Failure   Level
a - Beastly Appendage     Tmut           70%        N/A       1%          1
b - Wereblood             Tmut           35%        N/A       1%          2
c - Foxfire               Conj/Fire      100%       2x1d9     1%          1
d - Ozocubu's Armour      Ice            27%        N/A       5%          3
e - Stone Arrow           Conj/Erth      54%        3d10      5%          3

Your spell library contained the following spells:

 Spells                   Type           Power      Damage    Failure   Level
 Kiss of Death            Conj/Necr      100%       2d13      1%          1
 Sandblast                Erth           54%        2d13      1%          1
 Sting                    Tmut/Pois      100%       1d8       1%          1
 Passwall                 Tmut/Erth      25%        N/A       1%          2
 Cigotuvi's Dreadful Rot  Necr/Pois/Air  54%        N/A       2%          2
 Static Discharge         Conj/Air       54%        2-5/arc   2%          2
 Kindle Blastsparks       Fire/Tloc/Air  58%        2d14      4%          3
 Confusing Touch          Hex            27%        N/A       5%          3
 Gell's Gravitas          Tloc           27%        N/A       5%          3
 Teleport Other           Tloc           27%        N/A       5%          3
 Vhi's Electric Charge    Tloc/Air       54%        N/A       5%          3
 Dispel Undead            Necr           27%        3d13      19%         4
 Manifold Assault         Tloc           27%        N/A       19%         4
 Passage of Golubria      Tloc           27%        N/A       19%         4
 Arcjolt                  Conj/Air       13%        1d23      45%         5
 Borgnjor's Vile Clutch   Necr/Erth      13%        N/A       45%         5
 Lightning Bolt           Conj/Air       13%        1d27      45%         5
 Silence                  Hex/Air        13%        N/A       45%         5
 Death Channel            Necr           13%        N/A       96%         6
 Dispersal                Tloc           13%        N/A       96%         6
 Ozocubu's Refrigeration  Ice            13%        4d10      100%        7
 Disjunction              Tloc           13%        N/A       100%        8
 Lehudib's Crystal Spear  Conj/Erth      13%        10d5      100%        8
 Animate Dead             Necr           Unusable   N/A       N/A         4

Dungeon Overview and Level Annotations

Branches:
Dungeon (10/15)            Temple (0/1) D:6            Lair (1/5) D:8
Ossuary (visited)
    Orc: D:9-12

Altars:
Ashenzari
Dithmenos
Fedhas
Gozag
Hepliaklqana
Okawaru
Sif Muna
Uskayaw
Yredelemnul

Shops:
D:1 :   D:8 [

Annotations:
D:10 2 runed translucent doors, Lodul


Innate Abilities, Weirdness & Mutations

You have temporarily grown beastly horns and talons.
You have very sharp teeth.
Your uncanny sense of smell can sniff out nearby items.
Your experience applies equally to all skills.


Message History

You are too injured to fight recklessly!
The bullfrog hits you.
You hit the bullfrog. You headbutt the bullfrog.
The bullfrog is heavily wounded.
You hit the plant.
The plant begins to die.
The bullfrog completely misses you.
The komodo dragon hisses menacingly.
The komodo dragon bites the plant!!
The bullfrog hits you.
You slash the bullfrog!
You feel a bit better.
You kill the bullfrog!
You slash the plant!
The komodo dragon bites the plant!
You barely miss the komodo dragon.
The komodo dragon is lightly wounded.
You slash the plant!
A nearby plant withers and dies.
The komodo dragon bites you!!
* * * LOW HITPOINT WARNING * * *
The komodo dragon bites you!
* * * LOW HITPOINT WARNING * * *
You closely miss the komodo dragon. Your kick misses the komodo dragon.
Your bite misses the komodo dragon.
The komodo dragon is lightly wounded.
You hit the komodo dragon but do no damage.
The komodo dragon is distracted by your dazzling golden aura.
The komodo dragon closely misses you.
The komodo dragon hisses angrily. [a] - 396 gold - might, brilliance and resistance [b] - 352 gold - heal wounds, curing and magic [c] - 360 gold - invisibility and might Purchase which effect?
You feel much better.
You feel better. Magic courses through your body. The komodo dragon bites you!!
* * * LOW HITPOINT WARNING * * *
As you read the scroll of teleportation, it crumbles to dust.
You feel strangely unstable. The komodo dragon bites you.
* * * LOW HITPOINT WARNING * * *
You howl as the wereblood boils in your veins!
The komodo dragon is no longer distracted by gold.
The komodo dragon attacks as you move away!
The komodo dragon bites you!!
You die...
Your body crumbles into a pile of gold.

#. #.#....... #.
#..#.....# #.. #
##.P####.#. ...
.## #..## ##
#.##.## ##.#
#..#>.# ##.#
##.$$.#####..#
#..$.#F#.#.#.#
.....#..$.l@....#
..[ ###.l####.##
. #### ###


You could see 2 komodo dragons and a bullfrog.

Vanquished Creatures
  A two-headed ogre (D:9)
  Joseph (D:10)
  A black mamba (Lair:1)
  A gargoyle (D:8)
  2 komodo dragons (D:8)
  A polar bear (D:8)
  2 trolls
  Grinder (D:6)
  A slime creature (D:9)
  A wraith (D:10)
  2 shadows (D:10)
  A wyvern (D:10)
  An unseen horror simulacrum (D:8)
  15 yaks
  2 basilisks (D:8)
  A steam dragon (D:9)
  3 water moccasins
  A swamp drake (D:8)
  2 ice beasts (D:8)
  A black bear (D:7)
  2 orc warriors (D:9)
  11 wolves
  10 ogres
  A kobold brigand (D:9)
  3 phantoms
  5 bullfrogs
  3 necrophages
  6 scorpions
  9 wights
  6 killer bees (D:9)
  A howler monkey (D:9)
  A centaur zombie (Ossuary)
  A jelly (D:4)
  A human zombie (Ossuary)
  3 hounds
  3 gnoll boudas
  4 orc priests
  8 iguanas
  Crazy Yiuf (D:6)
  3 orc wizards
  6 hound zombies (Ossuary)
  3 mummies (Ossuary)
  A killer bee simulacrum (D:8)
  11 adders
  9 gnolls
  5 white imps
  2 ufetubi
  5 adder zombies (Ossuary)
  3 worms
  A dart slug (D:1)
  17 orcs
  6 ball pythons
  8 endoplasms
  3 giant cockroaches
  11 goblins
  7 hobgoblins
  6 jackals
  11 kobolds
  4 quokkas
  9 bats
  2 gnoll zombies (Ossuary)
  5 goblin zombies (Ossuary)
  3 hobgoblin zombies (Ossuary)
  A jackal zombie (Ossuary)
  4 kobold zombies (Ossuary)
  An orc zombie (Ossuary)
  3 quokka zombies (Ossuary)
  3 rats (D:1)
  3 rat zombies (Ossuary)
276 creatures vanquished.

Vanquished Creatures (collateral kills)
  5 foxfires (D:9)
5 creatures vanquished.

Vanquished Creatures (others)
  643 foxfires
  7 fungi
  11 plants
661 creatures vanquished.

Grand Total: 942 creatures vanquished

Notes
Turn   | Place    | Note
-------+----------+-------------------------------------------
     0 | D:1      | croobank the Gnoll Wanderer began the quest for the Orb.
     0 | D:1      | croobank set off with the following items: a +0 dagger, 11
                  | poisoned darts, a scroll of silence, a +0 robe; and the
                  | following spells available to memorise: Beastly Appendage,
                  | Wereblood, Sting, Foxfire, Kindle Blastsparks.
     0 | D:1      | Reached XP level 1. HP: 20/20 MP: 4/4
     2 | D:1      | Learned a level 1 spell: Beastly Appendage
   176 | D:1      | Found Vitafoba's Book Boutique.
   192 | D:1      | Reached XP level 2. HP: 15/26 MP: 5/5
   258 | D:1      | Learned a level 2 spell: Wereblood
   969 | D:1      | Reached XP level 3. HP: 30/31 MP: 2/7
  1471 | D:2      | Reached skill level 1 in Invocations
  1626 | D:2      | Reached skill level 1 in Short Blades
  1626 | D:2      | Reached skill level 1 in Long Blades
  1626 | D:2      | Reached skill level 1 in Axes
  1626 | D:2      | Reached skill level 1 in Maces & Flails
  1626 | D:2      | Reached skill level 1 in Polearms
  1626 | D:2      | Reached skill level 1 in Staves
  1626 | D:2      | Reached skill level 1 in Ranged Weapons
  1626 | D:2      | Reached skill level 1 in Armour
  1626 | D:2      | Reached skill level 1 in Stealth
  1626 | D:2      | Reached skill level 1 in Shields
  1626 | D:2      | Reached skill level 1 in Unarmed Combat
  1626 | D:2      | Reached skill level 1 in Evocations
  1841 | D:2      | Reached XP level 4. HP: 38/38 MP: 4/8
  2352 | D:2      | Learned a level 1 spell: Foxfire
  2477 | D:2      | Found an opulent altar of Gozag.
  2484 | D:2      | Became a worshipper of Gozag Ym Sagoz the Greedy
  2627 | D:3      | Reached skill level 1 in Conjurations
  2627 | D:3      | Reached skill level 1 in Hexes
  2627 | D:3      | Reached skill level 1 in Summonings
  2627 | D:3      | Reached skill level 1 in Necromancy
  2627 | D:3      | Reached skill level 1 in Translocations
  2627 | D:3      | Reached skill level 1 in Ice Magic
  2627 | D:3      | Reached skill level 1 in Air Magic
  2627 | D:3      | Reached skill level 1 in Earth Magic
  2627 | D:3      | Reached skill level 1 in Poison Magic
  2830 | D:3      | Reached XP level 5. HP: 43/43 MP: 5/9
  3834 | D:4      | Reached skill level 3 in Dodging
  4184 | D:4      | Noticed an ogre
  4191 | D:4      | Killed an ogre
  4192 | D:4      | Reached skill level 5 in Fighting
  4192 | D:4      | Reached XP level 6. HP: 15/51 MP: 7/11
  4908 | D:4      | Found a blossoming altar of Fedhas.
  4969 | D:4      | Noticed a water moccasin
  4981 | D:4      | Killed a water moccasin
  4982 | D:4      | Reached XP level 7. HP: 56/56 MP: 9/12
  5192 | D:4      | Found a broken altar of Ashenzari.
  5230 | D:4      | Found a hide-covered altar of Uskayaw.
  5236 | D:4      | Found a shimmering blue altar of Sif Muna.
  5317 | D:5      | Entered Level 5 of the Dungeon
  5495 | D:5      | Identified the +1 ring mail of Shielding {rPois rF- rC-
                  | Regen+}
  6034 | D:5      | Learned a level 3 spell: Ozocubu's Armour
  6129 | D:5      | Reached skill level 4 in Dodging
  6129 | D:5      | Reached XP level 8. HP: 53/63 MP: 11/14
  7005 | D:5      | Identified a scroll of acquirement
  7005 | D:5      | Acquired 1154 gold pieces
  7474 | D:6      | Noticed Grinder
  7475 | D:6      | Paralysed by Grinder for 3 turns
  7492 | D:6      | Killed Grinder
  7493 | D:6      | Reached skill level 5 in Dodging
  7493 | D:6      | Reached skill level 5 in Fire Magic
  7522 | D:6      | Reached XP level 9. HP: 55/69 MP: 6/16
  7532 | D:6      | Found a staircase to the Ecumenical Temple.
  7755 | D:6      | Reached skill level 5 in Spellcasting
  7840 | D:6      | Found a large runed translucent door.
  7843 | D:6      | Found a large runed translucent door.
  8546 | D:6      | Reached skill level 5 in Throwing
  9183 | D:6      | Found a basalt altar of Yredelemnul.
  9222 | D:6      | Found an iron altar of Okawaru.
  9315 | D:6      | Found a runed translucent door.
  9316 | D:6      | Noticed Crazy Yiuf
  9324 | D:6      | Killed Crazy Yiuf
  9507 | D:7      | Found a sand-covered staircase.
  9530 | Ossuary  | Entered an ossuary
  9685 | Ossuary  | Reached skill level 6 in Dodging
  9685 | Ossuary  | Reached skill level 5 in Invocations
 11637 | D:8      | Noticed a gargoyle
 11657 | D:8      | Killed a gargoyle
 11658 | D:8      | Reached skill level 5 in Short Blades
 11658 | D:8      | Reached skill level 5 in Long Blades
 11658 | D:8      | Reached skill level 5 in Axes
 11658 | D:8      | Reached skill level 5 in Maces & Flails
 11658 | D:8      | Reached skill level 5 in Polearms
 11658 | D:8      | Reached skill level 5 in Staves
 11658 | D:8      | Reached skill level 5 in Ranged Weapons
 11658 | D:8      | Reached skill level 5 in Armour
 11658 | D:8      | Reached skill level 5 in Stealth
 11658 | D:8      | Reached skill level 5 in Shields
 11658 | D:8      | Reached skill level 5 in Unarmed Combat
 11658 | D:8      | Reached skill level 5 in Evocations
 11658 | D:8      | Reached XP level 10. HP: 42/77 MP: 12/18
 11914 | D:8      | Found Zapreh's Armour Emporium.
 12185 | D:8      | You fall into a shaft and drop 2 floors!
 12185 | D:10     | Entered Level 10 of the Dungeon
 12224 | D:9      | Reached skill level 7 in Dodging
 12900 | D:9      | Noticed a two-headed ogre
 13976 | D:8      | Reached skill level 8 in Dodging
 14073 | D:8      | HP: 2/79 [komodo dragon (26)]
 14207 | D:8      | Found a staircase to the Lair.
 14216 | D:8      | Reached skill level 5 in Conjurations
 14216 | D:8      | Reached skill level 5 in Hexes
 14216 | D:8      | Reached skill level 5 in Summonings
 14216 | D:8      | Reached skill level 5 in Necromancy
 14216 | D:8      | Reached skill level 5 in Translocations
 14216 | D:8      | Reached skill level 5 in Ice Magic
 14216 | D:8      | Reached skill level 5 in Air Magic
 14216 | D:8      | Reached skill level 5 in Earth Magic
 14216 | D:8      | Reached skill level 5 in Poison Magic
 14216 | D:8      | Reached XP level 11. HP: 85/85 MP: 5/21
 14817 | D:9      | Found a shadowy altar of Dithmenos.
 14939 | D:9      | Killed a two-headed ogre
 15439 | D:10     | Found a runed translucent gate.
 15439 | D:10     | Found a runed translucent gate.
 15594 | D:10     | Reached skill level 9 in Dodging
 15689 | D:10     | Found a hazy altar of Hepliaklqana.
 15703 | D:10     | Identified the +1 buckler of Zolemay {Harm}
 15805 | D:10     | Noticed Joseph
 15826 | D:10     | Killed Joseph
 16140 | D:10     | Noticed Lodul
 16363 | Lair:1   | Entered Level 1 of the Lair of Beasts
 16573 | Lair:1   | Upgraded the game from 0.30-a0-743-gbfdf073431 to
                  | 0.30-a0-748-ge6a52f7cba
 16632 | Lair:1   | Learned a level 3 spell: Stone Arrow
 16655 | Lair:1   | HP: 4/87 [komodo dragon (17)]
 16661 | Lair:1   | Mangled by a komodo dragon

Illustrated notes

Levels and vault maps discovered:
D:1:      dpeg_arrival_simpleton_c, layout_basic, serial_shops,
          nicolae_shop_crystal
D:2:      layout_loops_corners, basic_altar
D:3:      layout_loops_ring, chequers_hall_statues_wall_a,
          nicolae_underground_beach
D:4:      layout_loops_ring, nicolae_overflow_hidden_temple,
          mainiacjoe_overflow_24_doors
D:5:      minmay_thinvault, layout_basic, kennysheep_cluttered_room
D:6:      layout_layer_cave, jmf_multi_god_temple2, temple_fountains,
          nicolae_hexahallways, uniq_crazy_yiuf_cottage, uniq_grinder
D:7:      layout_basic, nicolae_ossuary_entry_ruins
D:8:      layout_basic, erik_lair_dragon, serial_shops, shop, serial_ice,
          serial_ice_o, serial_ice_h, serial_ice_e, serial_ice_n,
          nicolae_concentric_dashed_squares_mild
D:9:      layout_cave_pods, nicolae_dithmenos_the_darkroom,
          minmay_shattered_shrine
D:10:     layout_roguey, old_standard_altar, gammafunk_ghost_necromancy,
          uniq_joseph, uniq_lodul
Lair:1:   layout_loops_ring, dreamdust_mushroom_princess, beast_lair_carwin_3

Skill      XL: |  1  2  3  4  5  6  7  8  9 10 11 |
---------------+----------------------------------+-----
Invocations    | 1 2 3 4 5 6 7 |  7.6
Short Blades   | 1 2 3 5 6 |  6.9
Long Blades    | 1 2 3 5 6 |  6.9
Axes           | 1 2 3 5 6 7 |  7.4
Maces & Flails | 1 2 3 5 6 |  6.9
Polearms       | 1 2 3 5 6 |  6.9
Staves         | 1 2 3 5 6 |  6.9
Ranged Weapons | 1 2 3 5 6 |  6.9
Armour         | 1 2 3 5 6 |  6.9
Stealth        | 1 2 3 5 6 |  6.9
Shields        | 1 2 3 5 6 |  6.9
Unarmed Combat | 1 2 3 5 6 |  6.9
Evocations     | 1 2 3 5 6 |  6.9
Spellcasting   | 3 4 5 6 7 |  7.5
Conjurations   | 1 2 3 4 5 |  5.7
Hexes          | 1 2 3 4 5 |  5.7
Summonings     | 1 2 3 4 5 |  5.7
Necromancy     | 1 2 3 4 5 |  5.7
Translocations | 1 2 3 4 5 |  5.7
Ice Magic      | 1 2 3 4 5 |  5.7
Air Magic      | 1 2 3 4 5 |  5.7
Earth Magic    | 1 2 3 4 5 |  5.7
Poison Magic   | 1 2 3 4 5 |  5.7
Throwing       | 3 4 5 6 7 |  7.4
Dodging        | 3 4 5 6 8 9 |  9.6
Fire Magic     | 4 5 6 7 |  7.0
Fighting       | 5 6 7 8 |  8.4
Transmutations | 6 7 8 |  8.0

Action                     |  1- 3 |  4- 6 |  7- 9 | 10-12 || total
---------------------------+-------+-------+-------+-------++-------
  Melee: Dagger            |    92 |   176 |    52 |       ||   320
         Kick              |    11 |    42 |    53 |     6 ||   112
         Bite              |     6 |    24 |    48 |    43 ||   121
         Headbutt          |     8 |    22 |    28 |     7 ||    65
         Punch             |       |     5 |    10 |    15 ||    30
         Staff             |       |       |   100 |       ||   100
         War axe           |       |       |   153 |   308 ||   461
  Throw: Dart              |       |       |     9 |     3 ||    12
   Cast: Beastly Appendage |    21 |    35 |    22 |     3 ||    81
         Wereblood         |    17 |    33 |    17 |     3 ||    70
         Foxfire           |       |     4 |   189 |   200 ||   393
         Ozocubu's Armour  |       |       |    14 |    27 ||    41
 Invoke: Potion Petition   |       |       |       |     4 ||     4
  Evoke: Wand              |       |       |     2 |     1 ||     3
    Use: Scroll            |     3 |     1 |    21 |     4 ||    29
         Potion            |       |       |     7 |     2 ||     9
   Stab: Sleeping          |     1 |     3 |     2 |     3 ||     9
         Distracted        |       |       |     2 |       ||     2
         Invisible         |       |       |       |     1 ||     1
 Armour: Robe              |    35 |    29 |    12 |       ||    76
         Ring mail         |       |       |    80 |   184 ||   264
  Dodge: Dodged            |    67 |    82 |   207 |   369 ||   725

Table legend: (Time is in decaauts)
 A = Elapsed time spent in this place.
 B = Non-inter-level travel time spent in this place.
 C = Inter-level travel time spent in this place.
 D = Time resting spent in this place.
 E = Time spent auto-exploring this place.
 F = Levels seen in this place.
 G = Mean time per level.
                   A        B        C        D        E       F      G
               +--------+--------+--------+--------+--------+-----+--------+
         Total |  16724 |  16042 |    682 |   3015 |   9843 |  12 | 1393.7 |
       Dungeon |  15628 |  14947 |    681 |   2750 |   9430 |  10 | 1562.8 |
          Lair |    305 |    305 |      0 |    177 |     25 |   1 |  305.0 |
       Ossuary |    791 |    791 |      0 |     88 |    388 |   1 |  791.0 |
               +--------+--------+--------+--------+--------+-----+--------+

Top non-repeatable levels by time:
     D:5: 2497 daAuts
     D:8: 2331 daAuts
     D:6: 1969 daAuts
     D:3: 1626 daAuts
     D:1: 1419 daAuts
     D:9: 1408 daAuts
     D:2: 1173 daAuts
     D:4: 1115 daAuts
    D:10: 1067 daAuts
     D:7: 1018 daAuts
 Ossuary: 791 daAuts
  Lair:1: 305 daAuts
